 Dungeon Crawl Stone Soup version 0.31-a0-240-gb923e448b6 (webtiles) character file.

Game seed: 11589628011010770277

654 qw the Shooter (level 7, 0/61 HPs)
             Began as a Minotaur Hexslinger on July 12, 2023.
             Slain by a gnoll
             ... wielding a +0 flail
              (2 damage)
             ... on level 4 of the Dungeon.
             The game lasted 00:01:28 (2981 turns).

qw the Shooter (Minotaur Hexslinger)                Turns: 2981, Time: 00:01:29

Health: 0/61       AC:  7    Str: 18    XL:     7   Next: 29%
Magic:  7/7        EV: 12    Int: 10    God:
Gold:   130        SH:  0    Dex: 15    Spells: 7/8 levels left

rFire   . . .        Y - +3 sling
rCold   + . .        (no shield)
rNeg    . . .        l - +2 robe
rPois   .            (helmet restricted)
rElec   .            (no cloak)
rCorr   .            b - +1 pair of gloves
SInv    .            d - +0 pair of boots
Will    .....        (no amulet)
Stlth   +            f - +6 ring of strength
HPRegen 0.30/turn    j - ring of protection from cold
MPRegen 0.10/turn

%: no passive effects
@: about to teleport
A: horns 2, retaliatory headbutt
a: no special abilities


You were on level 4 of the Dungeon.
You visited 1 branch of the dungeon, and saw 4 of its levels.

You collected 130 gold pieces.


Innate Abilities, Weirdness & Mutations

You have a pair of horns on your head.
You reflexively headbutt those who attack you in melee.


   Skills:
 - Level 5.2 Fighting
 + Level 7.4 Ranged Weapons
 - Level 1.5 Armour
 - Level 2.1 Dodging
 - Level 1.0 Spellcasting
 - Level 2.0 Hexes


You had 7 spell levels left.
You knew the following spells:

 Your Spells              Type           Power      Damage    Failure   Level
a - Slow                  Hex            16%        N/A       16%         1

Your spell library contained the following spells:

 Spells                   Type           Power      Damage    Failure   Level
 Inner Flame              Hex/Fire       2%         N/A       56%         3
 Portal Projectile        Hex/Tloc       4%         N/A       56%         3
 Cause Fear               Hex            2%         N/A       83%         4

Inventory:

Hand Weapons
 Y - a +3 sling (weapon)
Armour
 b - a +1 pair of gloves (worn)
 d - a +0 pair of boots (worn)
 l - a +2 robe (worn)
Jewellery
 f - a +6 ring of strength (left hand)
 i - a ring of fire
 j - a ring of protection from cold (right hand)
Scrolls
 a - 2 scrolls of teleportation
 e - a scroll of vulnerability {unknown}
 g - a scroll of revelation {unknown}
Potions
 c - a potion of haste {unknown}
 m - a potion of ambrosia {unknown}

Dungeon Overview and Level Annotations

Branches:
Dungeon (4/15)
 Temple: D:4-7

Altars:
Dithmenos
Ru
Trog


Message History

You shoot a sling bullet. The sling bullet hits the orc.
You kill the orc!
Something hits you but does no damage.
You shoot a sling bullet. The sling bullet hits the gnoll.
The gnoll is moderately wounded.
Something hits you but does no damage.
You shoot a sling bullet. The sling bullet hits the gnoll!
The gnoll is severely wounded.
You hear some strange, mumbled words.
A magic dart appears from out of thin air!
The magic dart hits you. The gnoll closely misses you. x2
You shoot a sling bullet. The sling bullet hits the gnoll.
You kill the gnoll!
The gnoll closely misses you. Something hits you but does no damage.
You shoot a sling bullet. The sling bullet hits the gnoll.
The gnoll is moderately wounded.
The gnoll hits you but does no damage. Something hits you but does no damage.
The gnoll hits you with a +0 flail.
You shoot a sling bullet. The sling bullet hits the gnoll.
The gnoll is moderately wounded.
The gnoll hits you from afar with a +0 halberd!
Something hits you but does no damage. The gnoll hits you with a +0 flail!
2979 ||| READING 3 scrolls of teleportation.
As you read the scroll of teleportation, it crumbles to dust.
You feel strangely unstable. The gnoll barely misses you.
You hear some strange, mumbled words.
Something tries to affect you, but you resist.
The gnoll hits you but does no damage.
You shoot a sling bullet. The sling bullet hits the gnoll.
The gnoll is severely wounded.
The gnoll barely misses you. Something hits you but does no damage.
The gnoll closely misses you.
You shoot a sling bullet.
The sling bullet barely misses the gnoll.
The gnoll closely misses you.
You hear some strange, mumbled words.
Something tries to affect you, but you resist.
The gnoll hits you with a +0 flail.
You die...

#.......#.#...#
#...###.#.#####
##.....#.#.#
#>.....#.#.###
##...........#
#.###..##.#.#
#.........#
######..######
+....g@)......#
######){...##.#
### #g###.# #<)
#g# ..# ###


.oK .# ... # .... ..... You could see 2 gnolls, an orc, a goblin and a kobold.

Vanquished Creatures
  Sigmund (D:3)
  An ogre (D:4)
  5 orc priests (D:4)
  Jessica (D:2)
  Robin (D:3)
  6 gnolls (D:4)
  6 adders
  An ufetubus (D:4)
  A worm (D:2)
  3 dart slugs
  15 orcs
  3 ball pythons
  6 bats
  4 endoplasms
  3 giant cockroaches
  11 hobgoblins
  6 jackals (D:1)
  3 quokkas
  4 frilled lizards
  8 goblins
  11 kobolds
  6 rats
106 creatures vanquished.

Notes
Turn   | Place    | Note
-------+----------+-------------------------------------------
     0 | D:1      | qw the Minotaur Hexslinger began the quest for the Orb.
     0 | D:1      | Reached XP level 1. HP: 16/16 MP: 1/1
     0 | D:1      | 0 ||| qw: Version: 0.3-a-52-g30416fa
     0 | D:1      | 0 ||| qw: Game counter: 6183
     0 | D:1      | 0 ||| qw: Melee chars always use a shield: true
     0 | D:1      | 0 ||| qw: God list: Okawaru
     0 | D:1      | 0 ||| qw: Allow faded altars: false
     0 | D:1      | 0 ||| qw: Do Orc after clearing Dungeon:15 true
     0 | D:1      | 0 ||| qw: Do second Lair branch before Depths: true
     0 | D:1      | 0 ||| qw: Lair rune preference: random
     0 | D:1      | 0 ||| qw: Goals: Normal
     0 | D:1      | 0 ||| PLANNING D:1-11
    94 | D:1      | Reached skill level 3 in Ranged Weapons
   110 | D:1      | Reached XP level 2. HP: 23/23 MP: 2/2
   368 | D:1      | 368 ||| Stepping ~*~*~tactically~*~*~ (outnumbered).
   533 | D:1      | Reached XP level 3. HP: 29/29 MP: 3/3
   648 | D:1      | 648 ||| UPGRADING to +0 pair of boots.
   653 | D:1      | 653 ||| UPGRADING to +0 leather armour.
   663 | D:1      | 663 ||| DROPPING +0 robe.
   664 | D:1      | 664 ||| UPGRADING to +6 ring of strength.
   665 | D:1      | 665 ||| UPGRADING to ring of protection from cold.
   666 | D:1      | 666 ||| READING 2 scrolls labelled GOLYFIN SOEFE.
   671 | D:1      | 671 ||| READING scroll labelled BUGUOTWOSH.
   672 | D:1      | 672 ||| DROPPING scroll of poison.
   864 | D:2      | Noticed Jessica
   869 | D:2      | Killed Jessica
   870 | D:2      | Reached skill level 4 in Ranged Weapons
   906 | D:2      | Found a faded altar of an unknown god.
   934 | D:2      | Reached XP level 4. HP: 36/36 MP: 4/4
  1300 | D:2      | 1300 ||| READING scroll labelled ROSUDOK DIEMAMP.
  1414 | D:3      | Reached skill level 5 in Ranged Weapons
  1437 | D:3      | Found a sacrificial altar of Ru.
  1440 | D:3      | Found a shadowy altar of Dithmenos.
  1449 | D:3      | Found a bloodstained altar of Trog.
  1497 | D:3      | Noticed Sigmund
  1516 | D:3      | Killed Sigmund
  1517 | D:3      | Reached XP level 5. HP: 16/48 MP: 5/5
  1702 | D:3      | Reached XP level 6. HP: 56/56 MP: 6/6
  2004 | D:3      | Noticed Robin
  2018 | D:3      | Killed Robin
  2262 | D:3      | 2262 ||| UPGRADING to +0 ring mail.
  2272 | D:3      | 2272 ||| DROPPING +0 leather armour.
  2273 | D:3      | 2273 ||| UPGRADING to +2 robe.
  2283 | D:3      | 2283 ||| DROPPING +0 ring mail.
  2284 | D:3      | 2284 ||| READING scroll labelled DOKKUY OCERELI.
  2285 | D:3      | 2285 ||| READING scroll labelled GENKUM NAMP.
  2286 | D:3      | 2286 ||| READING 2 scrolls labelled ZAXAFE YDDY.
  2287 | D:3      | 2287 ||| READING 2 scrolls labelled MUZXYSSUES.
  2288 | D:3      | 2288 ||| READING scroll of enchant weapon.
  2288 | D:3      | 2288 ||| ENCHANTING +2 sling.
  2289 | D:3      | 2289 ||| DROPPING scroll of immolation.
  2420 | D:4      | Reached skill level 6 in Ranged Weapons
  2539 | D:4      | 2539 ||| Stepping ~*~*~tactically~*~*~ (outnumbered).
  2541 | D:4      | 2541 ||| Stepping ~*~*~tactically~*~*~ (outnumbered).
  2551 | D:4      | 2551 ||| FLEEEEING.
  2558 | D:4      | 2558 ||| FLEEEEING.
  2559 | D:4      | 2559 ||| FLEEEEING.
  2560 | D:4      | 2560 ||| FLEEEEING.
  2561 | D:4      | 2561 ||| FLEEEEING.
  2562 | D:4      | 2562 ||| FLEEEEING.
  2563 | D:4      | 2563 ||| FLEEEEING.
  2564 | D:4      | 2564 ||| FLEEEEING.
  2565 | D:4      | 2565 ||| FLEEEEING.
  2566 | D:4      | 2566 ||| FLEEEEING.
  2567 | D:4      | 2567 ||| FLEEEEING.
  2568 | D:4      | 2568 ||| FLEEEEING.
  2569 | D:4      | 2569 ||| FLEEEEING.
  2570 | D:4      | 2570 ||| FLEEEEING.
  2571 | D:4      | 2571 ||| FLEEEEING.
  2572 | D:4      | 2572 ||| STAIRDANCE
  2664 | D:3      | 2664 ||| UPGRADING to +1 pair of gloves.
  2732 | D:4      | Reached skill level 1 in Armour
  2740 | D:4      | Reached XP level 7. HP: 50/61 MP: 7/7
  2963 | D:4      | Reached skill level 7 in Ranged Weapons
  2978 | D:4      | HP: 13/61 [gnoll/+0 halberd (11)]
  2978 | D:4      | HP: 1/61 [gnoll/+0 flail (12)]
  2979 | D:4      | 2979 ||| READING 3 scrolls of teleportation.
  2981 | D:4      | Slain by a gnoll

Levels and vault maps discovered:
D:1:      giann_horns, layout_basic
D:2:      layout_basic, basic_ecumenical_altar, uniq_jessica
D:3:      layout_basic, minitemple, uniq_robin, uniq_sigmund
D:4:      layout_basic, minmay_quantized

Skill      XL: |  1  2  3  4  5  6  7 |
---------------+----------------------+-----
Ranged Weapons | 3 4 5 6 7 |  7.4
Fighting       | 2 5 |  5.2
Armour         | 1 |  1.5
Dodging        | |  2.1
Spellcasting   | |  1.0
Hexes          | |  2.0

Action                     |  1- 3 |  4- 6 |  7- 9 || total
---------------------------+-------+-------+-------++-------
   Fire: Sling             |    94 |   176 |    59 ||   329
    Use: Scroll            |     2 |     6 |     1 ||     9
 Armour: Leather armour    |     1 |     8 |       ||     9
         Robe              |     1 |    10 |    13 ||    24
  Dodge: Dodged            |    16 |    57 |    15 ||    88

Table legend:
 A = Non-vault XP
 B = Vault XP
 C = Vault XP percentage of total XP
 D = Non-vault monster count
 E = Vault monster count
 F = Vault count percentage of total count
                 A         B        C        D         E       F
            +---------+---------+-------+---------+---------+-------
      Total |     651 |     284 |  30.4 |      92 |      14 |  13.2
            +---------+---------+-------+---------+---------+-------
        D:1 |      48 |       0 |   0.0 |      27 |       0 |   0.0
        D:2 |      47 |      37 |  44.0 |      14 |       1 |   6.7
        D:3 |      68 |     247 |  78.4 |      22 |      13 |  37.1
        D:4 |     488 |       0 |   0.0 |      29 |       0 |   0.0
            +---------+---------+-------+---------+---------+-------
